 Dungeon Crawl Stone Soup version 0.31-a0-986-g5e6e4ef867 (webtiles) character file.

Game seed: 3809091752184530751

13281 FakeRyeBread the Basher (level 12, -25/61 HPs)
             Began as a Gargoyle Fighter on Nov 8, 2023.
             Was an Elder of Okawaru.
             Annihilated by an ice dragon simulacrum (31 damage)
             ... in a Gauntlet.
             The game lasted 00:30:07 (10141 turns).

FakeRyeBread the Basher (Gargoyle Fighter)         Turns: 10141, Time: 00:30:10

Health: -25/61     AC: 31    Str: 25    XL:     12   Next: 4%
Magic:  10/10      EV:  7    Int: 14    God:    Okawaru [****..]
Gold:   383        SH:  5    Dex:  5    Spells: 11/11 levels left

rFire   . . .        j - +3 flail "Brush" {venom, +Blink SInv}
rCold   . . .        c - +0 buckler
rNeg    + + .        G - +0 plate armour
rPois   ∞            g - +1 helmet of Incorporation {Int+5 Stlth-}
rElec   +            (no cloak)
rCorr   .            v - +1 pair of gloves
SInv    +            f - +2 pair of boots
Will    .....        z - amulet of regeneration Stlth
                     w - ring of positive energy
HPRegen 1.10/turn    E - ring of flight
MPRegen 0.12/turn

%: no teleportation
@: flying
A: sickness immunity, AC +8, negative energy resistance 1, electricity
resistance, torment resistance 1, petrification resistance, talons 1, [clumsy
2], [frail 2], [low MP 3], [screaming 2], [inability to read after injury 2]
a: Renounce Religion, Evoke Blink, Heroism, Finesse


You were in a Gauntlet.
You worshipped Okawaru.
Okawaru was greatly pleased with you.
You visited 2 branches of the dungeon, and saw 12 of its levels.
You also visited: Ossuary and Gauntlet.

You collected 612 gold pieces.
You spent 229 gold pieces at shops.

Inventory:

Hand Weapons
 e - a +7 flail
 j - the +3 flail "Brush" (weapon) {venom, +Blink SInv}
   (You bought it in a shop on level 5 of the Dungeon)

   SInv:      It lets you see invisible.
   +Blink:    It lets you blink.
 t - a +1 flail of holy wrath
Missiles
 i - 13 boomerangs (quivered)
 n - 6 javelins
Armour
 c - a +0 buckler (worn)
 f - a +2 pair of boots (worn)
 g - the +1 helmet of Incorporation (worn) {Int+5 Stlth-}
   (You found it in a Gauntlet)

   Int+5:     It affects your intelligence (+5).
   Stlth-:    It makes you less stealthy.
 r - a +1 helmet of intelligence
 v - a +1 pair of gloves (worn)
 G - a +0 plate armour (worn)
Jewellery
 w - a ring of positive energy (left hand)
 z - an amulet of regeneration (around neck)
 E - a ring of flight (right hand)
Wands
 u - a wand of roots (7)
 D - a wand of digging (6)
 F - a wand of quicksilver (3)
Scrolls
 b - a scroll of blinking
 h - 4 scrolls of teleportation
 l - 2 scrolls of fog
 m - 2 scrolls of poison
 x - a scroll of enchant weapon
 y - a scroll of fear
Potions
 a - a potion of cancellation
 d - a potion of might
 k - a potion of curing
 o - a potion of haste
 p - 2 potions of lignification
 q - 2 potions of brilliance
 s - 2 potions of mutation
 H - 2 potions of heal wounds


   Skills:
 + Level 9.8 Fighting
 * Level 12.1 Maces & Flails
 + Level 9.9 Armour
 + Level 9.8 Shields
 + Level 3.2 Invocations


You had 11 spell levels left.
You didn't know any spells.
Your spell library contained the following spells:

 Spells                   Type           Power      Damage    Failure   Level
 Apportation              Tloc           0%         N/A       98%         1
 Necrotise                Necr           0%         1d4       98%         1
 Lesser Beckoning         Tloc           0%         N/A       99%         2
 Dazzling Flash           Conj/Hex       0%         N/A       100%        3
 Gell's Gravitas          Tloc           0%         N/A       100%        3
 Ozocubu's Armour         Ice            0%         N/A       100%        3
 Teleport Other           Tloc           0%         N/A       100%        3
 Volatile Blastmotes      Fire/Tloc      0%         2d10      100%        3
 Vhi's Electric Charge    Tloc/Air       0%         N/A       100%        4
 Arcjolt                  Conj/Air       0%         1d10      100%        5
 Starburst                Conj/Fire      0%         6d3       100%        6
 Ozocubu's Refrigeration  Ice            0%         4d7       100%        7
 Maxwell's Capacitive Co  Air            0%         ∞         100%        8
 Summon Small Mammal      Summ           Unusable   N/A       N/A         1

Dungeon Overview and Level Annotations

Branches:
Dungeon (11/15)            Temple (1/1) D:4         Ossuary (visited)
Gauntlet (1/1)
   Lair: D:8-11         Orc: D:9-12

Altars:
Ashenzari
Cheibriados
Dithmenos
Elyvilon
Fedhas
Gozag
Hepliaklqana
Kikubaaqudgha
Makhleb
Nemelex Xobeh
Okawaru
Qazlal
Ru
Sif Muna
Trog
Uskayaw
Vehumet
Wu Jian
Xom
Yredelemnul
Zin
The Shining One

Shops:
D:5 (   D:8 (

Portals:
Trove: D:10 (give 17 potions of curing)

Annotations:
Gauntlet 9 transporters, 4 runed translucent doors


Innate Abilities, Weirdness & Mutations

You are immune to sickness and miasma.
Your stone body is resilient. (AC +8)
You are immune to poison.
You resist negative energy. (rN+)
You are resistant to electric shocks. (rElec)
You are resistant to unholy torment.
You are immune to petrification.
You have sharp toenails.
[You are very clumsy. (Dex -4)]
[You are very frail. (-20% HP)]
[Your magical capacity is extremely low. (-30% MP)]
[You frequently scream uncontrollably at your foes.]
[You sometimes lose the ability to read scrolls when taking damage.]


Message History

The moth of wrath's fur bristles in rage as it notices you.
You see here the +1 helmet of Incorporation {Int+5 Stlth-}.
g - the +1 helmet of Incorporation {Int+5 Stlth-} You can read scrolls again.
You start removing your armour.
You continue taking off your +1 helmet of intelligence. x4
You finish taking off your +1 helmet of intelligence.
You feel stupid.
You start putting on your armour.
You continue putting on the +1 helmet of Incorporation {Int+5 Stlth-}. x5
You finish putting on the +1 helmet of Incorporation {Int+5 Stlth-}.
You feel clever.
s - a potion of mutation
There is a transporter here.
s - 2 potions of mutation (gained 1)
There is a transporter here.
You enter the transporter and appear at another place.
You feel a little less mighty now.
There is a transporter landing site here.
There is a transporter landing site here.
There is a transporter here.
Okay, then.
You enter the transporter and appear at another place.
The ice dragon simulacrum bites you! The ice dragon simulacrum freezes you!!
The ice dragon simulacrum completely misses you.
The ice dragon simulacrum tramples you.
You are shoved backwards!
There is a transporter landing site here.
You hit the ice dragon simulacrum.
The ice dragon simulacrum is lightly damaged.
The ice dragon simulacrum bites you. The ice dragon simulacrum freezes you!
* * * LOW HITPOINT WARNING * * *
The ice dragon simulacrum claws you but does no damage.
The ice dragon simulacrum tramples you but does no damage.
You hit the ice dragon simulacrum but do no damage.
The ice dragon simulacrum is lightly damaged.
The ice dragon simulacrum bites you!
* * * LOW HITPOINT WARNING * * *
The ice dragon simulacrum freezes you!!
Ouch! That really hurt!
You die...

############# #≈#≈#≈#§#≈#§###
##.§...§.§...#≈### ##
#§.§...........#≈# #≈
##§§#########....### ###.
#≈..#.....#.#....§≈# #§..
##..#.###Z#.####..## ##..
#≈..#=..###.#..#..§# #≈..
##..#©..@ZZ.#©.#..## ##§.
#§..#:Z.###.#..#..≈###§..
##..#?###Z#.#..#..##≈##.. ###
#≈..#.....#.#..#.........
...###..#########..#.........
##..##..........#..##########
.....#..#########..#.........
.#...#..#.=#....#..#.........
#.©.#8.#![#.##.#..#.........


You could see an ice dragon simulacrum, a hornet simulacrum, a wolf spider
simulacrum and 2 centaur warrior simulacra.

Vanquished Creatures
  Fannar (D:10)
  A boulder beetle (D:11)
  4 two-headed ogres
  A wretched star (Gauntlet)
  Pikel (D:5)
  A manticore (D:11)
  5 elephants (Gauntlet)
  A torpor snail (Gauntlet)
  2 unseen horrors
  A troll (D:10)
  2 shadows
  2 vampires
  A wraith (D:7)
  3 steam dragons
  4 vampire mosquitoes (D:11)
  Menkaure (Ossuary)
  A small abomination (Gauntlet)
  2 water moccasins
  3 black bears
  2 ice beasts (D:6)
  4 orc warriors
  An ogre (D:6)
  5 centaurs
  A lemure (D:5)
  A phantom (D:6)
  2 kobold brigands (D:7)
  4 scorpions
  2 bullfrogs (D:7)
  3 wights (D:5)
  11 killer bees
  4 electric eels (D:7)
  A crimson imp (D:4)
  2 howler monkeys (D:9)
  3 hounds
  A jelly (D:6)
  5 orc priests
  11 orc wizards
  Natasha (twice) (D:4)
  3 hound zombies (D:4)
  A hound skeleton (D:4)
  3 mummies (Ossuary)
  11 adders
  4 gnolls
  3 white imps
  2 ufetubi (D:6)
  3 adder zombies (D:4)
  A worm (D:5)
  3 dart slugs
  25 orcs
  8 ball pythons
  6 endoplasms
  5 giant cockroaches
  5 gnoll zombies (Ossuary)
  7 goblins
  7 hobgoblins
  6 jackals
  14 kobolds
  3 quokkas
  5 bats
  3 gnoll skeletons (Ossuary)
  4 goblin skeletons (Ossuary)
  6 goblin zombies (Ossuary)
  2 hobgoblin skeletons (Ossuary)
  6 hobgoblin zombies (Ossuary)
  3 kobold skeletons (Ossuary)
  6 kobold zombies (Ossuary)
  6 orc skeletons (Ossuary)
  4 rats
  7 rat skeletons (Ossuary)
  2 rat zombies (Ossuary)
276 creatures vanquished.

Vanquished Creatures (others)
  A howler monkey (D:9)
1 creature vanquished.

Grand Total: 277 creatures vanquished

Notes
Turn   | Place    | Note
-------+----------+-------------------------------------------
     0 | D:1      | FakeRyeBread the Gargoyle Fighter began the quest for the
                  | Orb.
     0 | D:1      | Reached XP level 1. HP: 14/14 MP: 1/1
   137 | D:1      | Reached XP level 2. HP: 2/19 MP: 2/2
   829 | D:2      | Reached XP level 3. HP: 23/23 MP: 3/3
  1155 | D:2      | Reached skill level 3 in Maces & Flails
  1155 | D:2      | Reached XP level 4. HP: 29/29 MP: 4/4
  1793 | D:3      | Reached XP level 5. HP: 33/33 MP: 5/5
  1976 | D:3      | Reached skill level 4 in Maces & Flails
  2330 | D:4      | Found a sand-covered staircase.
  2341 | D:4      | Reached XP level 6. HP: 39/39 MP: 6/6
  2354 | Ossuary  | Entered an ossuary
  2798 | Ossuary  | Noticed Menkaure
  2817 | Ossuary  | Killed Menkaure
  3265 | D:4      | Reached XP level 7. HP: 44/44 MP: 7/7
  3269 | D:4      | You fall into a shaft and drop 2 floors!
  3304 | D:5      | Entered Level 5 of the Dungeon
  3321 | D:5      | Noticed Pikel
  3363 | D:5      | Killed Pikel
  3364 | D:5      | Reached skill level 5 in Fighting
  3364 | D:5      | Reached skill level 5 in Maces & Flails
  3364 | D:5      | Reached skill level 5 in Armour
  3364 | D:5      | Reached skill level 5 in Shields
  3364 | D:5      | Reached XP level 8. HP: 21/49 MP: 8/8
  3625 | D:4      | Reached skill level 6 in Maces & Flails
  3710 | D:4      | Noticed Natasha
  3723 | D:4      | Killed Natasha
  3823 | D:4      | Found a staircase to the Ecumenical Temple.
  3829 | Temple   | Entered the Ecumenical Temple
  3980 | D:4      | Noticed Natasha
  3988 | D:4      | Killed Natasha
  4317 | D:5      | Found a white marble altar of Elyvilon.
  4489 | D:5      | Found an opulent altar of Gozag.
  5063 | D:5      | Reached skill level 7 in Maces & Flails
  5131 | D:5      | Found Uronamu's Antique Weapon Shoppe.
  5134 | D:5      | Bought a twisted flail for 229 gold pieces
  5134 | D:5      | Identified the +3 flail "Brush" {venom, +Blink SInv} (You
                  | bought it in a shop on level 5 of the Dungeon)
  5451 | D:5      | Found a hazy altar of Hepliaklqana.
  5581 | D:6      | Reached XP level 9. HP: 55/55 MP: 9/9
  6003 | D:6      | Reached skill level 8 in Maces & Flails
  6054 | D:6      | Found a radiant altar of Vehumet.
  6248 | D:7      | Noticed an unseen horror
  6505 | D:7      | Killed an unseen horror
  6749 | D:7      | Reached skill level 9 in Maces & Flails
  6749 | D:7      | Reached XP level 10. HP: 63/63 MP: 10/10
  6934 | D:7      | Found a burning altar of Makhleb.
  7437 | D:8      | Found a sacrificial altar of Ru.
  7557 | D:8      | Found Beuhuzue's Weapon Boutique.
  7965 | D:9      | Found a shadowy altar of Dithmenos.
  8172 | D:9      | Reached skill level 10 in Maces & Flails
  8317 | D:9      | Noticed a two-headed ogre
  8328 | D:9      | Killed a two-headed ogre
  8464 | D:9      | Found a glowing golden altar of the Shining One.
  8760 | D:10     | Entered Level 10 of the Dungeon
  8816 | D:10     | Found a stormy altar of Qazlal.
  8831 | D:10     | Found an iron altar of Okawaru.
  8838 | D:10     | Became a worshipper of Warmaster Okawaru
  8844 | D:10     | Noticed Fannar
  8864 | D:10     | Killed Fannar
  8865 | D:10     | Reached XP level 11. HP: 27/69 MP: 11/11
  8865 | D:10     | Found an ornate altar of the Wu Jian Council.
  8917 | D:10     | Found a portal to a secret trove of treasure.
  8920 | D:10     | Noticed a two-headed ogre
  8925 | D:10     | Killed a two-headed ogre
  8925 | D:10     | Reached * piety under Okawaru
  8970 | D:10     | Found a snail-covered altar of Cheibriados.
  9046 | D:10     | Reached skill level 11 in Maces & Flails
  9152 | D:10     | Noticed a two-headed ogre
  9167 | D:10     | Killed a two-headed ogre
  9233 | D:10     | Found a shimmering blue altar of Sif Muna.
  9271 | D:10     | Found a bloodstained altar of Trog.
  9580 | Gauntlet | Identified the "Heraingu"
  9580 | Gauntlet | Identified the of Hasaci Xiod
  9620 | D:11     | Reached ** piety under Okawaru
  9706 | D:11     | Noticed a manticore
  9711 | D:11     | Killed a manticore
  9712 | D:11     | Reached skill level 1 in Invocations
  9774 | D:11     | Noticed a two-headed ogre
  9782 | D:11     | Killed a two-headed ogre
  9793 | D:11     | Noticed a boulder beetle
  9804 | D:11     | Killed a boulder beetle
  9804 | D:11     | Reached *** piety under Okawaru
  9809 | D:11     | Found a gate leading to a gauntlet.
  9815 | Gauntlet | Entered a Gauntlet
  9815 | Gauntlet | Found a transporter.
  9815 | Gauntlet | Found a transporter.
  9827 | Gauntlet | Found a transporter.
  9829 | Gauntlet | Noticed a catoblepas
  9843 | Gauntlet | Noticed a wretched star
  9844 | Gauntlet | Found a transporter.
  9844 | Gauntlet | Found a transporter.
  9844 | Gauntlet | Found a transporter.
  9847 | Gauntlet | Found a transporter.
  9847 | Gauntlet | Found a transporter.
  9859 | Gauntlet | Found a transporter.
  9874 | Gauntlet | Found a runed translucent gate.
  9875 | Gauntlet | Found a transporter.
  9875 | Gauntlet | Found a runed translucent gate.
  9876 | Gauntlet | Found a runed translucent gate.
  9878 | Gauntlet | Noticed a wolf spider
  9878 | Gauntlet | Noticed a moth of wrath
  9884 | Gauntlet | Noticed a catoblepas
  9885 | Gauntlet | Found a transporter.
  9899 | Gauntlet | Found a transporter.
  9918 | Gauntlet | Found a transporter.
  9925 | Gauntlet | Found a runed translucent door.
  9925 | Gauntlet | Found a runed translucent door.
  9929 | Gauntlet | Found a transporter.
  9974 | Gauntlet | Reached **** piety under Okawaru
  9992 | Gauntlet | Reached skill level 12 in Maces & Flails
 10077 | Gauntlet | Killed a wretched star
 10078 | Gauntlet | Reached XP level 12. HP: 45/61 MP: 10/10
 10078 | Gauntlet | Gained mutation: Your flesh is cold resistant. (rC+)
                  | [potion of mutation]
 10078 | Gauntlet | Gained mutation: Your mind is acute. (Int +4, Str/Dex -1)
                  | [potion of mutation]
 10079 | Gauntlet | Lost mutation: Your mind is acute. (Int +4, Str/Dex -1)
                  | [potion of mutation]
 10079 | Gauntlet | Lost mutation: Your flesh is cold resistant. (rC+) [potion
                  | of mutation]
 10079 | Gauntlet | Gained mutation: You have sharp toenails. [potion of
                  | mutation]
 10081 | Gauntlet | Identified the +1 helmet of Incorporation {Int+5 Stlth-}
 10141 | Gauntlet | Annihilated by an ice dragon simulacrum

Illustrated notes

Levels and vault maps discovered:
D:1:      dpeg_arrival_tiny_i, layout_basic, hangedman_decor_push
D:2:      layout_loops_ring, minmay_box_of_dots
D:3:      layout_basic, st_stairs_10, minmay_circle_x
D:4:      layout_rooms, minmay_temple_entry_fiery,
          mainiacjoe_ossuary_entry_find_the_door, corexii_corridor_pit,
          minmay_fire_ice_demons, uniq_natasha
D:5:      layout_basic, kennysheep_mini, mainiacjoe_overflow_cross_hatched,
          elyvilon_altar_5, serial_shops, kennysheep_mini_moat, uniq_pikel
D:6:      layout_rooms, nicolae_vehumet_radiance
D:7:      kennysheep_big_flooded_room, layout_basic, lemuel_doored_altar
D:8:      layout_rooms, overflow_temple_1_default, serial_shops,
          nicolae_shop_real_fake_doors
D:9:      layout_cave_pods, overflow_temple_1_default,
          nicolae_overflow_crystal_walls
D:10:     layout_basic, kennysheep_orc_sif_temple, mainiacjoe_overflow_paths,
          mainiacjoe_overflow_catch_the_wave, okawaru_metal_pillars_1_2,
          mainiacjoe_overflow_boulevard, nicolae_trove_entry_free_sample,
          grunt_ministairs_2, minmay_misc_feat_nine_boxes, uniq_fannar
D:11:     layout_basic, david_lair_generic, gauntlet_entry_generic
Temple:   nicolae_temple_godpark
Gauntlet: gammafunk_gauntlet_mixed_choke_point
          [minmay_gauntlet_arena_77_squiggly, minmay_gauntlet_arena_77_fan,
          minmay_gauntlet_arena_77_shame_cube, gammafunk_gauntlet_arena_open,
          minmay_gauntlet_arena_77_mirror, minmay_gauntlet_arena_77_run_for_it,
          minmay_gauntlet_arena_77_terracotta_army,
          nicolae_gauntlet_exit_dead_adventurers]

Skill      XL: |  1  2  3  4  5  6  7  8  9 10 11 |
---------------+----------------------------------+-----
Maces & Flails | 3 4 5 7 9 10 12 | 12.1
Shields        | 4 5 6 7 8 9 |  9.8
Fighting       | 4 5 6 7 8 9 |  9.8
Armour         | 4 5 6 7 8 9 |  9.9
Invocations    | 3 |  3.2

Action                     |  1- 3 |  4- 6 |  7- 9 | 10-12 || total
---------------------------+-------+-------+-------+-------++-------
  Melee: Flail             |    84 |   335 |   253 |   322 ||   994
         Whip              |       |       |   177 |       ||   177
    Use: Scroll            |       |    12 |     6 |     5 ||    23
         Potion            |       |       |     3 |     9 ||    12
 Armour: Scale mail        |    29 |       |       |       ||    29
         Chain mail        |    36 |   215 |   276 |   179 ||   706
         Plate armour      |       |       |       |   185 ||   185
  Dodge: Dodged            |    36 |   107 |   132 |   125 ||   400
  Block: Buckler           |    19 |    47 |    83 |    84 ||   233

Table legend: (Time is in decaauts)
 A = Elapsed time spent in this place.
 B = Non-inter-level travel time spent in this place.
 C = Inter-level travel time spent in this place.
 D = Time resting spent in this place.
 E = Time spent auto-exploring this place.
 F = Levels seen in this place.
 G = Mean time per level.
                   A        B        C        D        E       F      G
               +--------+--------+--------+--------+--------+-----+--------+
         Total |  10200 |   9116 |   1084 |    704 |   5368 |  14 |  728.6 |
       Dungeon |   8914 |   7867 |   1047 |    558 |   5206 |  11 |  810.4 |
        Temple |     38 |      1 |     37 |      0 |      0 |   1 |   38.0 |
       Ossuary |    922 |    922 |      0 |    128 |    162 |   1 |  922.0 |
      Gauntlet |    325 |    325 |      0 |     18 |      0 |   1 |  325.0 |
               +--------+--------+--------+--------+--------+-----+--------+

Top non-repeatable levels by time:
     D:5: 1470 daAuts
     D:7: 1182 daAuts
 Ossuary: 922 daAuts
     D:3: 816 daAuts
    D:10: 812 daAuts
     D:9: 797 daAuts
     D:1: 792 daAuts
     D:4: 779 daAuts
     D:2: 763 daAuts
     D:6: 644 daAuts
     D:8: 627 daAuts
Gauntlet: 325 daAuts
    D:11: 227 daAuts
  Temple: 38 daAuts
